 Dungeon Crawl Stone Soup version 0.23.2-33-g5129a83184 (webtiles) character file.

Game seed: 15425655253594463926

288 AarnesTheHuman the Shield-Bearer (level 6, -9/49 HPs)
             Began as a Formicid Fighter on July 31, 2019.
             Mangled by an ogre
             ... wielding a +0 giant spiked club
              (27 damage)
             ... on level 3 of the Dungeon.
             The game lasted 00:10:06 (3247 turns).

AarnesTheHuman the Shield-Bearer (Formicid Fighter) Turns: 3247, Time: 00:10:06

Health: -9/49      AC:  9    Str: 22 (23) XL:     6   Next: 57%
Magic:  6/6        EV:  8    Int:  5 (7)  God:
Gold:   168        SH: 16    Dex: 10      Spells: 5/5 levels left

rFire    . . .     SeeInvis +   i - +4 trident (venom)
rCold    . . .     Gourm    .   c - +2 shield
rNeg     . . .     Faith    .   b - +0 scale mail
rPois    .         Spirit   .   (helmet unavailable)
rElec    .         Reflect  +   (no cloak)
rCorr    .         Harm     .   s - +1 pair of gloves
MR       .....                  (no boots)
Stlth    ..........             g - +4 amulet of reflection
HPRegen  0.16/turn              (no ring)
MPRegen  0.10/turn              (no ring)

@: no status effects
A: permanent stasis, dig shafts and tunnels, four strong arms, antennae 3
a: Dig, Shaft Self


You were on level 3 of the Dungeon.
You were not hungry.

You visited 1 branch of the dungeon, and saw 4 of its levels.

You collected 168 gold pieces.

Inventory:

Hand Weapons
 a - a +1 war axe
 i - a +4 trident of venom (weapon)
Armour
 b - a +0 scale mail (worn)
 c - a +2 shield (worn)
 s - a +1 pair of gloves (worn)
Jewellery
 g - a +4 amulet of reflection (around neck)
 o - an uncursed amulet of regeneration {unknown}
Wands
 k - a wand of clouds (6)
Scrolls
 j - 2 scrolls of enchant weapon
 l - a scroll of fog
 n - a scroll of immolation {unknown}
 p - a scroll of fear
Potions
 d - a potion of might
 e - a potion of degeneration
 m - 2 potions of haste
 q - a potion of agility
 r - a potion of cancellation {unknown}
 t - a potion of magic {unknown}
Comestibles
 f - 7 rations
 h - 4 chunks of flesh


   Skills:
 + Level 4.6 Fighting
 - Level 3.3(3.4) Axes
 + Level 1.1(2.3) Polearms
 + Level 4.7 Armour
 + Level 5.2 Shields


You had 5 spell levels left.
You didn't know any spells.
Your spell library was empty.

Dungeon Overview and Level Annotations

Branches:
Dungeon (4/15)
 Temple: D:4-7

Altars:
Uskayaw

Annotations:
D:2 1 runed translucent door, exclusion: door, Crazy Yiuf


Innate Abilities, Weirdness & Mutations

You cannot be hasted, slowed, berserked, paralysed or teleported.
You can dig through walls and to a lower floor.
Your four strong arms can wield two-handed weapons with a shield.
You have a pair of large antennae on your head. (SInv)


Message History

You block the orc wizard's attack.
You hit the orc wizard.
The orc wizard looks as sick as possible!
The orc wizard is heavily wounded.
You block the ogre's attack. The orc hits you with a +0 short sword.
You block the orc wizard's attack.
You hit the orc wizard.
The orc wizard is severely wounded.
You kill the orc wizard!
Your base Polearms skill increases to level 1!
You block the orc's attack.
The ogre hits you with a +0 giant spiked club!!
Ouch! That really hurt!
The orc hits you with a +0 short sword.
Things that are here:
a +0 dagger; a +0 robe You see here 13 stones.
The ogre hits you with a +0 giant spiked club!!
Ouch! That really hurt!
You die...

....##.##.##.#.##.#.##.#
#.##..#......#.##.#)##.#
#.#..#.......#o##.#.##.#
#....####.####.##......#
#..........[>).#(......#
.....#.....รท####o##.##.#
#.#.##......# #.##.##.#
...[##......# #O##.##.#
..####......# #@##.##>#
..####.###### #.##.##.#
.......###### #.......#
.####.......#######.####
.# #.#####.#...# #.# .#
#.##........# #.# .#
#.......#...###.#
.####..#.##..###.##.#
............#.#.....#


You could see an ogre and an orc.

Vanquished Creatures
  A bullfrog skeleton (D:2)
  A centaur skeleton (D:4)
  Terence (D:2)
  An orc wizard (D:3)
  11 adders
  An ooze (D:1)
  2 worms (D:2)
  A dart slug (D:1)
  2 leopard geckos (D:1)
  6 orcs
  4 giant cockroaches
  4 goblins
  7 hobgoblins
  3 jackals (D:1)
  3 quokkas
  A ball python (D:1)
  5 bats
  3 frilled lizards
  7 kobolds
  6 rats
70 creatures vanquished.

Notes
Turn   | Place    | Note
-------+----------+-------------------------------------------
     0 | D:1      | AarnesTheHuman the Formicid Fighter began the quest for the
                  | Orb.
     0 | D:1      | Reached XP level 1. HP: 18/18 MP: 1/1
    70 | D:1      | Reached XP level 2. HP: 23/24 MP: 2/2
   239 | D:1      | Reached skill level 4 in Shields
   242 | D:1      | Reached XP level 3. HP: 26/29 MP: 3/3
  1062 | D:2      | Reached XP level 4. HP: 26/37 MP: 4/4
  1263 | D:2      | Noticed a +0 dagger
  1263 | D:2      | Noticed a -1 hand axe
  1275 | D:2      | Found a hide-covered altar of Uskayaw.
  1376 | D:2      | Reached XP level 5. HP: 32/42 MP: 5/5
  1725 | D:2      | Noticed Terence
  1735 | D:2      | Killed Terence
  1992 | D:2      | Found a runed translucent door.
  1993 | D:2      | Noticed Crazy Yiuf
  2398 | D:3      | Reached XP level 6. HP: 36/49 MP: 6/6
  2825 | D:3      | Reached skill level 5 in Shields
  3177 | D:4      | Noticed an ogre
  3231 | D:3      | Reached skill level 1 in Polearms
  3247 | D:3      | Mangled by an ogre

Skill      XL: |  1  2  3  4  5  6 |
---------------+-------------------+-----
Shields        | 4 5 |  5.2
Fighting       | 4 |  4.6
Armour         | 4 |  4.7
Axes           | 3 |  3.3
Polearms       | 1 |  1.1

Action                   |  1- 3 |  4- 6 || total
-------------------------+-------+-------++-------
Melee: War axe           |   115 |    65 ||   180
       Trident           |       |    45 ||    45
  Use: Potion            |       |     2 ||     2
       Scroll            |       |    15 ||    15
  Eat: Chunk             |     1 |     3 ||     4
       Ration            |       |     1 ||     1
Armor: Scale mail        |    47 |    54 ||   101
Dodge: Dodged            |    44 |    40 ||    84
Block: Shield            |    73 |    84 ||   157
